 Dungeon Crawl Stone Soup version 0.17-a0-1767-gccbed74 (webtiles) character file.

92 luca467 the Conjurer (level 4, -2/30 HPs)
             Began as a Demonspawn Conjurer on Sept 6, 2015.
             Was an Initiate of Vehumet.
             Slain by Grinder (6 damage)
             ... on level 3 of the Dungeon.
             The game lasted 00:24:14 (2691 turns).

luca467 the Conjurer (Demonspawn Conjurer)          Turns: 2691, Time: 00:24:15

Health: -2/30      AC:  4    Str:  8    XL:     4   Next: 35%
Magic:  9/9        EV: 12    Int: 18    God:    Vehumet [......]
Gold:   105        SH:  0    Dex: 13    Spells: 1 memorised, 9 levels left

rFire  . . .     SeeInvis .     f - +0 dagger
rCold  . . .     Clarity  .     a - +1 robe
rNeg   . . .     SustAt   .     (no shield)
rPois  .         Gourm    .     (helmet restricted)
rElec  .         Spirit   .     (no cloak)
rCorr  .         Warding  .     t - +0 pair of gloves
rMut   .         Stasis   .     (no boots)
MR     .....                    (no amulet)
Stlth  ++........               (no ring)
                                (no ring)

@: not resistant to hostile enchantments, unstealthy
A: antennae 1
a: Renounce Religion


You were on level 3 of the Dungeon.
You worshipped Vehumet.
Vehumet was noncommittal.
You were not hungry.

You visited 1 branch of the dungeon, and saw 3 of its levels.

You collected 105 gold pieces.

Inventory:

Hand weapons
 f - a +0 dagger (weapon)
Armour
 a - a +1 robe (worn)
 t - a +0 pair of gloves (worn)
Jewellery
 q - an uncursed ring of flight
 u - an uncursed ring of poison resistance {unknown}
Magical devices
 w - a wand of lightning (5)
Scrolls
 d - a scroll of amnesia
 k - 3 scrolls of blinking
 l - 3 scrolls of remove curse
 s - a scroll of teleportation {unknown}
 x - a scroll of fog {unknown}
 y - a scroll of magic mapping {unknown}
 z - 3 scrolls of immolation {unknown}
 B - 2 scrolls of identify
Potions
 e - a potion of flight {unknown}
 g - a potion of heal wounds {unknown}
 h - a potion of cancellation {unknown}
 i - a potion of resistance {unknown}
 j - 2 potions of invisibility {unknown}
 m - a potion of degeneration {unknown}
 n - a potion of haste {unknown}
 o - a potion of lignification {unknown}
 p - a potion of agility {unknown}
Books
 b - a book of Conjurations

   Spells                             Type                      Level
   a - Magic Dart                     Conjuration                  1
   b - Searing Ray                    Conjuration                  2
   c - Dazzling Spray                 Conjuration/Hexes            3
   d - Fulminant Prism                Conjuration/Hexes            4
   e - Iskenderun's Mystic Blast      Conjuration                  4
   f - Iskenderun's Battlesphere      Conjuration/Charms           5
Comestibles
 c - 2 bread rations
 r - 2 meat rations
 v - a beef jerky


   Skills:
 - Level 1.7 Dodging
 - Level 1.7 Stealth
 * Level 3.6 Spellcasting
 + Level 4.7 Conjurations


You had 9 spell levels left.
You knew the following spells:

 Your Spells              Type           Power        Failure   Level  Hunger
a - Magic Dart            Conj           ###.         1%          1    None


Dungeon Overview and Level Annotations

Branches:
Dungeon (3/15)

Altars:
Dithmenos
Elyvilon
Sif Muna
Vehumet

Annotations:
D:3 Grinder


Innate Abilities, Weirdness & Mutations

You have a pair of small antennae on your head.


Message History

Grinder gestures at you.
You suddenly lose the ability to move!
The orc barely misses you. The orc hits you but does no damage.
Grinder hits you!
* * * LOW HITPOINT WARNING * * *
You writhe in agony.
* * * LOW HITPOINT WARNING * * *
You can move again.
Unknown command.
Unknown command.
Unknown command.
The orc closely misses you. Grinder gestures at you.
You shrug off the repeated paralysis!
The orc completely misses you.
Grinder says, "Wait up."
Grinder closely misses you. The orc closely misses you. Grinder hits you.
* * * LOW HITPOINT WARNING * * *
You writhe in agony.
You die...

#.(..## ##.#.#
###.##..## ##....#
..........###..####
####.##.##.#...# ####
#.###.#..## #..
#.........## #.#
########...(.##
#.##.## ##...o...##
##.#...####....5@...#
..........+.........+
.....##.###.........#
.....# .###.....<.##
.....# .# ##....[##
.....###.# ##...##
.....##.### ##'##
####......# #.#
###..###.# #.#


You could see Grinder and an orc.

Vanquished Creatures
  An orc wizard (D:3)
  2 worms
  6 giant geckos
  7 orcs
  A giant cockroach (D:2)
  8 goblins
  6 hobgoblins
  3 jackals (D:3)
  2 kobolds
  A ball python (D:2)
  2 bats
  2 giant newts (D:1)
  2 rats
43 creatures vanquished.

Notes
Turn   | Place    | Note
--------------------------------------------------------------
     0 | D:1      | luca467 the Demonspawn Conjurer began the quest for the Orb.
     0 | D:1      | Reached XP level 1. HP: 13/13 MP: 3/3
   233 | D:1      | Gained mutation: You have a pair of small antennae on your head. [demonic ancestry]
   233 | D:1      | Reached XP level 2. HP: 19/19 MP: 1/5
  1266 | D:2      | Reached XP level 3. HP: 11/24 MP: 0/7
  1901 | D:3      | Reached XP level 4. HP: 13/30 MP: 2/9
  2087 | D:3      | Found a shadowy altar of Dithmenos.
  2087 | D:3      | Found a deep blue altar of Sif Muna.
  2087 | D:3      | Found a white marble altar of Elyvilon.
  2105 | D:3      | Found a radiant altar of Vehumet.
  2150 | D:3      | Became a worshipper of Vehumet
  2667 | D:3      | Noticed Grinder
  2687 | D:3      | Paralysed by Grinder for 2 turns
  2691 | D:3      | Slain by Grinder

Vault maps used:
D:1:      dpeg_arrival_arbitrary_b
D:3:      nicolae_overflow_quartered_altars, first_bread, uniq_grinder

Action                   |  1- 3 |  4- 6 || total
-------------------------+-------+-------++-------
Melee: Unarmed           |     1 |       ||     1
       Dagger            |    26 |    50 ||    76
 Cast: Magic Dart        |    71 |    50 ||   121
  Use: Scroll            |     6 |       ||     6
  Eat: Chunk             |     3 |     1 ||     4
       Pizza             |       |     1 ||     1
